cohdb
Replays
Latest Replays
All Replays
Popular Replays
Top Player Replays
Match Explorer
How It Works
Community
CoH3 Stats
Reddit
Sign in to upload your games and track your stats! →
Sign in with Steam
Match 41112857
Unlisted
Match 41112857
Overview
Messages
Build Orders
End
Pioneer Squad
Pioneer Squad
Construct Infanterie Kompanie
MG 42 Machine Gun Team
Grenadier Squad
Grenadier Squad
Construct Luftwaffe Kompanie
221 Scout Car
Jäger Squad
Selects Mechanized Battlegroup
Selects Raid Package
Jäger Squad
Support Elements
Wirbelwind Flakpanzer
Luftwaffe Officer Quarters
Construct Panzergrenadier Kompanie
Medical Station
Selects StuG Assault Group
Selects UNKNOWN (2160084)
Construct Panzer Kompanie
Pak 40 Anti-tank Gun Team
Selects Spotting Scopes
Selects Stoßtruppen Assault Package
Selects Zeroing Artillery Barrage
Zeroing Artillery Barrage
Panzer IV Medium Tank
Stoßtruppen Squad
Zeroing Artillery Barrage
Panzer IV Medium Tank
Nubbl0r
Trigger
0
0
Comments
sign in to comment!
No comments posted yet!